AoeStats
← Humping Moose

Socotra

505848230Analyzed
4v4 RM · 21d ago on Sep 11, 2026· 57m 0s· 8 players
Game mode
Random Map
Map size
148×148
Population
200
Speed
Normal
Resources
Standard
Victory
Conquest
Starting age
Dark Age
Ending age
Imperial Age
RankedLock teamsTeams togetherTeam positionsShared explorationLock speedFull tech treeHidden civsTurbo modeCheats
Victory
Defeat
🇨🇳 Mongols · China
736
+14
🇦🇺 Bulgarians · Australia
692
+16
🇵🇪 Wu · Peru
671
+17
🇨🇳 Persians · China
644
+18
🇳🇱 Wei · Netherlands
774
-19
🇧🇪 Aztecs · Belgium
698
-17
🇫🇷 Romans · France
653
-15
🇸🇪 Celts · Sweden
625
-14
Giibier
9:11 Loom
11:38 Feudal Age
12:43 Double-Bit Axe
18:04 Man-at-Arms
26:36 Castle Age
31:24 Pikeman
TireurFou
11:16 Feudal Age
12:39 Double-Bit Axe
12:37 Horse Collar
21:01 Castle Age
27:41 Gold Mining
32:03 Imperial Age
30:43 Gold Shaft Mining
32:32 Wheelbarrow
31:43 Loom
31:43 Town Watch
34:13 Ballistas
34:55 Hand Cart
34:42 Town Patrol
36:05 Heavy Scorpion
40:22 Pikeman
41:02 Squires
41:18 Forging
41:09 Scale Mail Armor
41:34 Bow Saw
41:29 Heavy Plow
41:52 Conscription
42:42 Siege Engineers
42:06 Halberdier
43:28 Iron Casting
43:08 Chain Mail Armor
47:09 Chemistry
54:03 Scale Barding Armor
54:59 Blast Furnace
54:24 Bloodlines
53:35 Light Cavalry
54:44 Husbandry
Wirsh
0:39 Loom
11:24 Feudal Age
11:52 Double-Bit Axe
20:57 Castle Age
23:03 Pikeman
24:48 Wheelbarrow
27:39 Hand Cart
33:21 Imperial Age
34:04 Capped Ram
36:00 Siege Ram
37:42 Gold Mining
43:58 Fortified Wall
45:46 Halberdier
46:27 Scale Mail Armor
46:38 Forging
46:31 Arson
51:00 Iron Casting
50:43 Chain Mail Armor
54:47 Fletching
55:58 Blast Furnace
Humping Moose
12:30 Feudal Age
13:59 Double-Bit Axe
14:51 Wheelbarrow
14:02 Horse Collar
16:24 Gold Mining
16:26 Stone Mining
19:44 Loom
23:19 Castle Age
23:48 Fletching
23:59 Padded Archer Armor
23:30 Crossbowman
24:44 Bow Saw
27:10 Hand Cart
27:00 Heavy Plow
26:59 Bodkin Arrow
27:20 Leather Archer Armor
26:56 Pikeman
29:24 Man-at-Arms
38:04 Long Swordsman
41:07 Arson
MiguelAngel
11:07 Feudal Age
19:25 Castle Age
21:23 Double-Bit Axe
23:28 Horse Collar
25:22 Husbandry
25:33 Bloodlines
27:00 Caravan
30:43 Imperial Age
28:35 Gold Mining
28:41 Stone Mining
29:31 Bow Saw
31:03 Caravan
32:06 Wheelbarrow
31:07 Heavy Hei Guang Cavalry
32:08 Scale Mail Armor
32:22 Scale Barding Armor
33:59 Heavy Plow
35:13 Hand Cart
36:16 Chain Barding Armor
37:42 Elite Fire Archer
38:47 Conscription
38:48 Chain Mail Armor
39:08 Plate Barding Armor
40:54 Plate Mail Armor
40:36 Forging
41:56 Chemistry
42:10 Red Cliffs Tactics
44:57 Padded Archer Armor
44:48 Fletching
45:34 Iron Casting
49:19 Ballistics
48:55 Murder Holes
49:46 Bodkin Arrow
50:08 Leather Archer Armor
53:21 Bracer
54:22 Blast Furnace
PlayfulPorpoise
11:15 Feudal Age
11:52 Horse Collar
12:01 Double-Bit Axe
17:29 Arson
24:38 Castle Age
23:15 Wheelbarrow
25:39 Fletching
26:01 Forging
25:52 Scale Mail Armor
27:26 Thumb Ring
26:43 Elite Skirmisher
34:48 Squires
34:35 Gambesons
37:50 Hand Cart
40:48 Bow Saw
42:20 Caravan
43:16 Husbandry
46:03 Imperial Age
44:32 Bloodlines
43:44 Light Cavalry
46:58 Iron Casting
46:30 Scale Barding Armor
46:40 Hussar
52:19 Stirrups
53:45 Heavy Plow
54:06 Bagains
54:15 Capped Ram
56:21 Chain Mail Armor
56:51 Gold Mining
京圈狂人
11:39 Feudal Age
12:27 Double-Bit Axe
16:05 Wheelbarrow
17:06 Horse Collar
22:52 Castle Age
20:59 Stone Mining
21:02 Gold Mining
28:21 Bow Saw
29:32 Heavy Plow
30:09 Stone Shaft Mining
30:10 Gold Shaft Mining
30:18 Gold Shaft Mining
34:24 Hand Cart
40:09 Imperial Age
37:26 Town Watch
40:47 Conscription
42:56 Chemistry
42:07 Elite War Elephant
50:22 Chemistry
51:27 Town Patrol
52:04 Cavalier
54:15 Savar
观月
0:32 Loom
12:28 Feudal Age
15:37 Double-Bit Axe
18:09 Fletching
19:14 Gold Mining
29:01 Castle Age
28:09 Padded Archer Armor
29:41 Wheelbarrow
31:47 Bow Saw
37:11 Hand Cart
41:43 Imperial Age
40:01 Leather Archer Armor
43:40 Elite Mangudai
47:04 Conscription
47:07 Drill
47:20 Bodkin Arrow
50:52 Capped Ram
51:54 Caravan
53:02 Bloodlines
52:53 Husbandry
54:35 Thumb Ring
55:25 Gold Shaft Mining
55:55 Light Cavalry
58:34 Chemistry
57:55 Ballistics
Connection lost

Rejoining the realm…

Still unreachable

The connection could not be restored.

Session expired

The server has moved on; the page needs a fresh start.